 Dungeon Sprint DCSS version 0.31-a0-700-gf13585253f (webtiles) character file.

Game seed: 9964894875452139919

51 sircluck the Ruffian (level 3, -2/39 HPs)
             Began as a Troll Berserker on Sept 7, 2023.
             Was a Priest of Trog.
             Slain by a water elemental (9 damage)
             ... in the Dungeon (Sprint III: "The Ten Rune Challenge").
             The game lasted 00:00:17 (111 turns).

sircluck the Ruffian (Troll Berserker)               Turns: 111, Time: 00:00:18

Health: -2/39      AC:  4    Str: 27    XL:     3   Next: 57%
Magic:  2/2        EV: 10    Int:  3    God:    Trog [***...]
Gold:   10         SH:  0    Dex:  9    Spells: 2/2 levels left

rFire   . .          .
                       - Unarmed
rCold   . . .        (no shield)
rNeg    . . .        a - +0 animal skin
rPois   .            (helmet restricted)
rElec   .            (no cloak)
rCorr   .            (gloves unavailable)
SInv    .            (boots unavailable)
Will    .....        (no amulet)
Stlth   +            (no ring)
HPRegen 1.06/turn    (no ring)
MPRegen 0.08/turn

%: no teleportation
@: no status effects
A: large, unfitting armour, claws 3, regeneration 1, shaggy fur 1, tough skin 1
a: Renounce Religion, Berserk, Trog's Hand


You were in the Dungeon.
You worshipped Trog.
Trog was most pleased with you.
You visited 1 branch You collected 10 gold pieces.

Inventory:

Armour
 a - a +0 animal skin (worn)
Scrolls
 g - a scroll of blinking
 h - a scroll of fog {unknown}
 i - 4 scrolls of identify
 k - a scroll of torment {unknown}
 m - a scroll of immolation {unknown}
Potions
 b - a potion of curing
 c - a potion of heal wounds
 d - a potion of haste
 e - 2 potions of magic
 f - a potion of berserk rage
 j - 5 potions of mutation {unknown}
 l - a potion of degeneration {unknown}
 n - a potion of enlightenment {unknown}


   Skills:
 + Level 4.2 Fighting
 + Level 4.1 Dodging
 + Level 5.0 Unarmed Combat


You had 2 spell levels left.
You didn't know any spells.
Your spell library was empty.

Dungeon Overview and Level Annotations

Branches:
Dungeon (1/1)

Altars:


Innate Abilities, Weirdness & Mutations

You are too large for most types of armour.
You have claws for hands.
Your natural rate of healing is unusually fast.
You are covered in fur. (AC +1)
You have tough skin. (AC +1)


Message History

No target in view!
No target in view!
No target in view!
No target in view!
No target in view!
No target in view!
You open the door.
There is an open door here.
You now have 5 gold pieces.
You now have 10 gold pieces (gained 5).
j - a white potion;
k - a scroll labelled EKOPTI JUALU
i - 3 scrolls of identify (gained 2);
j - 2 white potions (gained 1)
l - a bubbling puce potion
j - 3 white potions (gained 1);
m - a scroll labelled ZAESOM SOESOSU
i - 4 scrolls of identify (gained 1);
j - 5 white potions (gained 2)
n - a murky silvery potion
There is an open door here.
You enter the shallow water.
You open the door.
A water elemental comes into view.
A water elemental is nearby!
A water elemental is nearby!
The water elemental completely misses you.
There is an open door to the Ecumenical Temple here.
You completely miss the water elemental.
The water elemental hits you!!
You barely miss the water elemental. The water elemental hits you!
* * * LOW HITPOINT WARNING * * *
The water elemental engulfs you in water!
You are too injured to fight recklessly!
You are too injured to fight recklessly!
You are too injured to fight recklessly!
You are too injured to fight recklessly!
You are too injured to fight recklessly!
You cannot call out to Trog while unable to breathe.
You slip free of the water engulfing you.
You gasp with relief as air once again reaches your lungs.
The water elemental attacks as it pursues you!
The water elemental hits you!
You die...

▓▓▓▓▓▓▓▓▓▓▓▓ ▓▓▓
<.#..'...♣.♣ ♣.#
..#..#....♣♣♣ ♣.#
#'####....♣.♣ ♣.#
.††..#....~♣♣♣♣♣.###+#+##
.....#...~~......#.......
.....#..~~~~♣..♣@E.⌠.....
####'#..~≈≈~~~...#...####
....)#.~~≈~~~....#.⌠.#
.....#.~≈~~~.....#...#
.....#.~~~.......#+###
'#####...........#
.................#
▓▓▓▓▓▓▓▓▓▓▓▓▓▓▓▓▓▓


You could see a water elemental.

Vanquished Creatures
  Jessica (D)
  A human (D)
  A phantom (D)
  3 rats (D)
6 creatures vanquished.

Notes
Turn   | Place    | Note
-------+----------+-------------------------------------------
     0 | D        | sircluck the Troll Berserker began the quest for the Orb.
     0 | D        | Reached XP level 1. HP: 22/22 MP: 0/0
    22 | D        | Noticed Jessica
    30 | D        | Reached ** piety under Trog
    32 | D        | Killed Jessica
    33 | D        | Reached skill level 4 in Unarmed Combat
    33 | D        | Reached XP level 2. HP: 31/32 MP: 1/1
    57 | D        | Reached XP level 3. HP: 39/39 MP: 2/2
    72 | D        | Reached *** piety under Trog
    73 | D        | Reached skill level 5 in Unarmed Combat
   107 | D        | Noticed a water elemental
   111 | D        | Slain by a water elemental

Illustrated notes

Levels and vault maps discovered:
D:        dungeon_sprint_mu [sprint_mu_entry_forest, sprint_mu_temple_rooms,
          sprint_mu_d1_spiders, sprint_mu_d2_genie, sprint_mu_d3_branching,
          sprint_mu_orc_legion, sprint_mu_elf_gauntlet, sprint_mu_hive_nellie,
          sprint_mu_lair_fedhas, sprint_mu_vaults_butterflies,
          sprint_mu_slime_circle, sprint_mu_swamp_cave, sprint_mu_shoals_kraken,
          sprint_mu_blade_basic, sprint_mu_crypt_fortress,
          sprint_mu_tomb_spiral, sprint_mu_vestibule_basic,
          sprint_mu_gehenna_hellfire, sprint_mu_dis_giant,
          sprint_mu_tartarus_statrot, sprint_mu_cocytus_islands, sprint_mu_zot1]

Skill      XL: |  1  2  3 |
---------------+----------+-----
Fighting       | 3 4 |  4.2
Dodging        | 3 4 |  4.1
Unarmed Combat | 4 5 |  5.0

Action                     || total
---------------------------++-------
  Melee: Unarmed           ||    39
         Punch             ||     1
 Armour: Animal skin       ||    20
  Dodge: Dodged            ||    26

Table legend: (Time is in decaauts)
 A = Elapsed time spent in this place.
 B = Non-inter-level travel time spent in this place.
 C = Inter-level travel time spent in this place.
 D = Time resting spent in this place.
 E = Time spent auto-exploring this place.
 F = Levels seen in this place.
 G = Mean time per level.
                   A        B        C        D        E       F      G
               +--------+--------+--------+--------+--------+-----+--------+
         Total |    114 |    114 |      0 |      0 |     55 |   1 |  114.0 |
       Dungeon |    114 |    114 |      0 |      0 |     55 |   1 |  114.0 |
               +--------+--------+--------+--------+--------+-----+--------+

Top non-repeatable levels by time:
       D: 114 daAuts
